 Dungeon Crawl Stone Soup version 0.19-a0-1013-g40768a3 (webtiles) character file.

32771 4thArraOfDagon the Grappler (level 13, -10/110 HPs)
             Began as a Troll Abyssal Knight on July 24, 2016.
             Was a High Priest of Lugonu.
             Killed from afar by a deep elf knight (42 damage)
             ... with a stone arrow
             ... on level 3 of the Elven Halls.
             The game lasted 00:44:03 (6838 turns).

4thArraOfDagon the Grappler (Troll Abyssal Knight)  Turns: 6838, Time: 00:44:04

Health: -10/110    AC: 15    Str: 23    XL:     13   Next: 33%
Magic:  18/18      EV: 10    Int: 12    God:    Lugonu [*****.]
Gold:   199        SH: 14    Dex: 11    Spells: 5 memorised, 6 levels left

rFire  + + +     SeeInvis +       - Unarmed
rCold  + + .     Gourm    +     f - +2 robe of the Princeling {*Drain rF++ Regen+ Dex+4}
rNeg   . . .     Faith    .     H - +2 shield of Resistance {rF+ rC+ MR+}
rPois  .         Spirit   .     w - +2 hat
rElec  .         Dismiss  .     U - +0 cloak
rCorr  .         Reflect  .     (gloves unavailable)
SustAt .         Harm     +     (boots unavailable)
MR     ++...                    B - amulet of harm
Stlth  +.........               x - ring of see invisible
                                i - ring of protection from cold

@: very resistant to hostile enchantments, very unstealthy
A: unfitting armour, claws 3, large bone plates 1, thin metallic scales 1,
clumsy 1, fast metabolism 3, gourmand, magic resistance 1, regeneration 2,
shaggy fur 2, tough skin 2, wild magic 1, evolution 1, MP-powered wands
a: Depart the Abyss, Bend Space, Banish, Corrupt, Enter the Abyss, Renounce
Religion


You were on level 3 of the Elven Halls.
You worshipped Lugonu.
Lugonu was extremely pleased with you.
You were very full.

You visited 3 branches of the dungeon, and saw 20 of its levels.
You visited the Abyss 1 time.
You also visited: Sewer and Ossuary.

You collected 1254 gold pieces.
You spent 1055 gold pieces at shops.

Inventory:

Hand Weapons
 o - a +1 blowgun
Missiles
 p - 7 curare-tipped needles
 W - 16 large rocks (quivered)
Armour
 f - the +2 robe of the Princeling (worn) {*Drain rF++ Regen+ Dex+4}
   (You found it on level 2 of the Abyss)

   It affects your dexterity (+4).
   It greatly protects you from fire.
   It increases your rate of regeneration.
   It causes draining when unequipped.
 w - a +2 hat (worn)
 H - the +2 shield of Resistance (worn) {rF+ rC+ MR+}
   (You found it on level 9 of the Dungeon)

   It protects you from fire.
   It protects you from cold.
   It affects your resistance to hostile enchantments.
 U - a +0 cloak (worn)
Jewellery
 c - an uncursed ring of wizardry
 i - a ring of protection from cold (left claw)
 j - an uncursed amulet of guardian spirit
 l - a +2 ring of intelligence
 x - a ring of see invisible (right claw)
 B - an amulet of harm (around neck)
 M - an uncursed ring of protection from fire
 X - an uncursed amulet of magic regeneration {unknown}
Wands
 k - a wand of random effects (11/48)
 n - a wand of digging (6/24)
 v - a wand of random effects (6/48)
 z - a wand of enslavement (6/24)
 C - a wand of acid (3/15)
 I - a wand of iceblast (1/15)
 V - a wand of disintegration (8/24)
 Y - a wand of paralysis (10/24)
 Z - a wand of heal wounds (0/9)
Scrolls
 d - 2 scrolls of noise
 e - a scroll of vulnerability
 h - a scroll of immolation {unknown}
 m - 3 scrolls of remove curse
 y - a scroll of teleportation
 J - 4 scrolls of recharging {unknown}
 L - 2 scrolls of fear
 Q - a scroll of enchant armour {unknown}
 S - 2 scrolls of fog
Potions
 a - a potion of berserk rage
 g - 3 potions of lignification
 q - 4 potions of flight
 r - 6 potions of curing
 s - 3 potions of heal wounds
 t - a potion of cancellation
 D - a potion of cure mutation
 F - a potion of invisibility
 G - 3 potions of brilliance
 K - a potion of resistance
 R - a potion of agility
 T - 3 potions of haste
Miscellaneous
 N - a phantom mirror
 O - a fan of gales
Comestibles
 b - 7 bread rations
 u - 6 meat rations


   Skills:
 - Level 2.4 Fighting
 - Level 2.3 Dodging
 + Level 7.7 Shields
 - Level 12.0 Unarmed Combat
 + Level 4.2 Spellcasting
 * Level 7.4 Transmutations
 * Level 9.0 Earth Magic
 - Level 8.0 Invocations


You had 6 spell levels left.
You knew the following spells:

 Your Spells              Type           Power        Failure   Level  Hunger
a - Passwall              Tmut/Erth      ####......   2%          2    ##.....
b - Statue Form           Tmut/Erth      ####.....    99%         6    #######
c - Apportation           Tloc           #.........   38%         1    None
d - Animate Skeleton      Necr           N/A          38%         1    None
e - Control Undead        Necr           #.........   100%        4    ####...


Dungeon Overview and Level Annotations

Branches:
Dungeon (15/15)            Temple (0/1) D:7             Orc (2/2) D:9
    Elf (3/3) Orc:2        Vaults (0/5) D:13
   Lair: D:8-11      Depths: D:15

Altars:
Ashenzari
Fedhas
Kikubaaqudgha
Okawaru
Ru
Xom
Zin
The Shining One

Shops:
D:8 *   Orc:1 }   Orc:2 [((}[=*

Annotations:
D:9 1 runed door, corrupted
Orc:1 zkyp's ghost, journeyman OgFi


Innate Abilities, Weirdness & Mutations

You are too large for most types of armour.
You have claws for hands.
Your metabolism is lightning-fast.
You like to eat raw meat.
You heal very quickly.
You are covered in thick fur. (AC +2)
You have very tough skin. (AC +2)
You are partially covered in large bone plates. (AC +2, SH +2)
You are partially covered in thin metallic scales. (AC +2)
You are clumsy. (Dex -2)
You are resistant to hostile enchantments. (MR+)
Your spells are a little harder to cast, but a little more powerful.
You evolve.
You expend magic power (3 MP) to strengthen your wands.


Message History

The deep elf knight is heavily wounded.
You block the deep elf knight's attack.
You closely miss the deep elf knight.
The deep elf knight is heavily wounded.
The deep elf knight hits you with a short sword!
You miss the deep elf knight.
The deep elf knight is heavily wounded.
The deep elf knight gestures at you while chanting.
The orb of energy misses you.
You scratch the deep elf knight but do no damage.
The deep elf knight is heavily wounded.
The deep elf knight hits you with a short sword!
You miss the deep elf knight.
The deep elf knight is heavily wounded.
The deep elf knight points at you and mumbles some strange words.
The stone arrow hits you!
* * * LOW HITPOINT WARNING * * *
The deep elf knight points at you and mumbles some strange words.
The stone arrow hits you!
You die...

**,,,,,,,,**
*****************,,,,,,,,,,**
,,,,,,,,,,,,,,,,+,,,,,,,,,,,*
,**********,*****,,,,,,,,,,,* ,*
*,* *,,,,,,,,,,,* ,* *,*
#####,,,,,,,,,* ,*
*,*##.8.##,,,,,,,,* ,*
*,*#.....#,,,,,,,,* ,*
*,*#8.@.8#,,,,,,,,*
,**********,,#..e..#,,,,,,,,*
,,,,,,,,,,,,,##...##,,,,,,,,****
,,,,********,*##(##*********,,,**
***,**,,,,,***,....***,,,,,**,,,*
* *,*,*****,*,*...#.#,*****,*,,,,
* *,,,,,,,,**,*.(.#,#,,,,,,,+,,,,
* *,*,,,8,,,+,#.8.#,+,,,8,,,*,,,,
* *,,,,,,,,,*,*,.e#,*,,,,,,,,,,,,


You could see a deep elf knight.

Vanquished Creatures
  An ice dragon (D:9)
  Erica (Orc:1)
  A death knight (D:12)
  2 orc high priests (Orc:2)
  5 skeletal warriors
  An unseen horror (D:13)
  3 hill giants
  A deep elf archer (Elf:1)
  2 orc knights
  5 deep elf magi
  4 orc sorcerers (Orc:2)
  2 cyclopes
  An ugly thing (D:14)
  A gargoyle (D:13)
  An efreet (D:13)
  A komodo dragon (shapeshifter) (Elf:1)
  A tengu conjurer (D:13)
  4 trolls
  2 two-headed ogres
  3 slime creatures (D:13)
  The ghost of Shenda the Slasher, an amateur GrFi of Okawaru (D:4)
  The ghost of Shenda the Slasher, an amateur GrFi of Okawaru (D:5)
  2 wraiths
  A tarantella (shapeshifter) (D:13)
  A wyvern (D:13)
  2 water elementals (Orc:2)
  A shadow (D:14)
  6 yaks
  2 hungry ghosts
  3 hippogriffs
  5 wargs
  A water moccasin (D:8)
  5 ice beasts
  2 sky beasts (D:7)
  A black bear (D:7)
  33 orc warriors
  2 necrophages
  2 phantoms
  An eye of draining (D:10)
  7 ogres
  4 centaurs
  3 crocodiles
  3 big kobolds
  6 giant frogs
  A gnoll sergeant (D:10)
  An earth elemental (Elf:1)
  4 elf zombies (Ossuary)
  A wyvern skeleton (D:13)
  2 scorpions
  A killer bee (Orc:2)
  18 wights
  2 howler monkeys (D:13)
  8 centaur zombies
  9 crimson imps
  4 human zombies (Ossuary)
  A jelly (D:5)
  17 orc wizards
  14 orc priests
  A giant frog skeleton (D:5)
  8 hounds
  3 centaur skeletons
  An iguana (D:12)
  7 worker ants
  A hound zombie (D:7)
  3 mummies (Ossuary)
  A howler monkey zombie (D:8)
  A worker ant zombie (D:10)
  3 gnolls (D:10)
  2 river rats (Sewer)
  5 adders
  An adder skeleton (D:8)
  4 giant geckos
  70 orcs
  2 giant cockroaches
  4 goblins
  A hobgoblin (D:1)
  A jackal (Sewer)
  A quokka (D:2)
  2 ball pythons
  2 bats (D:2)
  3 goblin skeletons (D:4)
  4 goblin zombies (D:4)
  A hobgoblin zombie (D:4)
  2 jackal skeletons (D:4)
  20 kobolds
  A kobold zombie (D:4)
  An orc skeleton (D:4)
  5 rats
381 creatures vanquished.

Vanquished Creatures (others)
  An orc warlord (Orc:2)
  2 fire dragons (D:9)
  A hydra (D:13)
  An ice dragon (D:9)
  2 orc knights
  3 ugly things (D:14)
  A tengu conjurer (D:14)
  A yak (D:13)
  9 fungi (Orc:2)
  5 starspawn tentacles (D:9)
  136 starspawn tentacle segments (D:9)
162 creatures vanquished.

Grand Total: 543 creatures vanquished

Notes
Turn   | Place    | Note
-------+----------+-------------------------------------------
     0 | Abyss:1  | 4thArraOfDagon the Troll Abyssal Knight began the quest for the Orb.
     0 | Abyss:1  | Reached XP level 1. HP: 22/22 MP: 1/1
    62 | Abyss:2  | Found a viscous altar of Jiyva.
    77 | Abyss:2  | Got a ripped robe
    83 | Abyss:2  | Noticed a worldbinder
    84 | Abyss:2  | Noticed a yaktaur
    84 | Abyss:2  | Noticed a yaktaur
    85 | D:1      | Escaped the Abyss
    96 | D:1      | Identified the +2 robe of the Princeling {*Drain rF++ Regen+ Dex+4} (You found it on level 2 of the Abyss)
   292 | D:2      | Reached * piety under Lugonu
   292 | D:2      | Reached XP level 2. HP: 29/29 MP: 2/2
   501 | D:3      | Reached skill level 3 in Unarmed Combat
   501 | D:3      | Reached XP level 3. HP: 36/36 MP: 3/3
   536 | D:3      | Reached XP level 4. HP: 44/44 MP: 4/4
   612 | D:4      | Found a glowing golden altar of the Shining One.
   674 | D:4      | Reached ** piety under Lugonu
   674 | D:4      | Reached skill level 4 in Unarmed Combat
   674 | D:4      | Reached XP level 5. HP: 50/50 MP: 4/6
   713 | D:4      | Found a glowing drain.
   722 | Sewer    | Entered a sewer
   780 | Sewer    | Reached skill level 5 in Unarmed Combat
   780 | Sewer    | Reached XP level 6. HP: 59/59 MP: 7/7
   820 | Sewer    | Found a white marble altar of Elyvilon.
   891 | D:4      | Noticed Shenda's ghost (amateur GrFi)
   916 | D:4      | Killed Shenda's ghost
   942 | D:4      | Reached skill level 6 in Unarmed Combat
   949 | D:4      | Got a brightly glowing robe
  1030 | D:5      | Entered Level 5 of the Dungeon
  1032 | D:5      | Noticed an ice beast
  1045 | D:5      | Killed an ice beast
  1045 | D:5      | Reached XP level 7. HP: 60/66 MP: 6/9
  1101 | D:6      | Found a shimmering altar of Xom.
  1105 | D:6      | Reached *** piety under Lugonu
  1138 | D:7      | Found a blossoming altar of Fedhas.
  1171 | D:7      | Noticed a hippogriff
  1189 | D:7      | Killed a hippogriff
  1189 | D:7      | Reached skill level 7 in Unarmed Combat
  1219 | D:7      | Found a glowing silver altar of Zin.
  1283 | D:6      | Reached XP level 8. HP: 74/74 MP: 10/10
  1292 | D:6      | Reached skill level 5 in Invocations
  1437 | D:5      | Reached skill level 8 in Unarmed Combat
  1438 | D:5      | Noticed Shenda's ghost (amateur GrFi)
  1455 | D:5      | Killed Shenda's ghost
  1455 | D:5      | Reached skill level 1 in Shields
  1671 | D:7      | Found an ancient bone altar of Kikubaaqudgha.
  1687 | D:7      | Found a sacrificial altar of Ru.
  1704 | D:7      | Reached skill level 9 in Unarmed Combat
  1710 | D:7      | Gained mutation: You evolve. [mutagenic meat]
  1713 | D:7      | Gained mutation: Your spells are a little harder to cast, but a little more powerful. [mutagenic meat]
  1716 | D:7      | Gained mutation: You are partially covered in thin metallic scales. (AC +2) [mutagenic meat]
  1719 | D:7      | Gained mutation: You are partially covered in large bone plates. (AC +2, SH +2) [mutagenic meat]
  1722 | D:7      | Gained mutation: You expend magic power (3 MP) to strengthen your wands. [mutagenic meat]
  1728 | D:7      | Found a staircase to the Ecumenical Temple.
  1746 | D:7      | Got a steaming hand axe
  1872 | D:8      | Identified the +1 robe of Least Resistance {Str+2 Dex+3} (You found it on level 4 of the Dungeon)
  1906 | D:8      | Reached XP level 9. HP: 54/80 MP: 12/12
  1931 | D:8      | Found a sand-covered staircase.
  1938 | D:8      | Reached **** piety under Lugonu
  1988 | Ossuary  | Entered an ossuary
  2096 | Ossuary  | Reached skill level 10 in Unarmed Combat
  2184 | D:8      | Found Hennubov's General Store.
  2205 | D:8      | Bought a scroll of teleportation for 45 gold pieces
  2205 | D:8      | Bought a potion of brilliance for 60 gold pieces
  2205 | D:8      | Bought a scroll of identify for 30 gold pieces
  2302 | D:9      | Noticed a troll
  2313 | D:9      | Killed a troll
  2333 | D:9      | Found a shattered altar of Ashenzari.
  2341 | D:9      | Reached ***** piety under Lugonu
  2387 | D:9      | Reached XP level 10. HP: 88/88 MP: 14/14
  2403 | D:9      | Reached skill level 11 in Unarmed Combat
  2430 | D:9      | Found a runed door.
  2434 | D:9      | Noticed an ice dragon
  2437 | D:9      | Noticed a fire dragon
  2480 | D:9      | Noticed an ice dragon
  2481 | D:9      | Noticed a fire dragon
  2483 | D:9      | Found a runed door.
  2533 | D:9      | Corrupted D:9
  2533 | D:9      | Noticed a large abomination
  2533 | D:9      | Noticed a large abomination
  2533 | D:9      | Noticed a cacodemon
  2533 | D:9      | Noticed a tentacled starspawn
  2535 | D:9      | Noticed a revenant
  2541 | D:9      | Killed an ice dragon
  2594 | D:9      | Killed a fire dragon
  2599 | D:9      | Killed a fire dragon
  2606 | D:9      | Killed an ice dragon
  2673 | D:9      | Found an iron altar of Okawaru.
  2690 | D:10     | Entered Level 10 of the Dungeon
  2839 | D:10     | Noticed a hill giant
  2857 | D:10     | Killed a hill giant
  2860 | D:10     | Reached skill level 5 in Shields
  2927 | D:10     | Learned a level 2 spell: Passwall
  2965 | D:9      | Found a staircase to the Orcish Mines.
  2977 | D:9      | Reached skill level 1 in Earth Magic
  3130 | D:11     | Reached skill level 1 in Transmutations
  3352 | D:11     | Identified the Volume of the Birds (You found it on level 11 of the Dungeon)
  3357 | D:11     | Reached skill level 1 in Spellcasting
  3360 | D:11     | Noticed a hill giant
  3384 | D:11     | Killed a hill giant
  3389 | D:11     | Reached skill level 12 in Unarmed Combat
  3389 | D:11     | Reached XP level 11. HP: 18/94 MP: 8/15
  3648 | D:13     | Learned a level 6 spell: Statue Form
  3651 | D:13     | Noticed a hill giant
  3659 | D:13     | Killed a hill giant
  3854 | D:13     | Noticed a deep elf mage
  3867 | D:13     | Killed a deep elf mage
  3869 | D:13     | Noticed a skeletal warrior
  3884 | D:13     | Killed a skeletal warrior
  3982 | D:13     | Noticed a fire crab
  3982 | D:13     | a redback changed into a fire crab
  3986 | D:13     | Noticed a death drake
  3986 | D:13     | a fire crab changed into a death drake
  3988 | D:13     | a death drake changed into a jumping spider
  3989 | D:13     | Noticed a six-headed hydra
  4013 | D:13     | Noticed a wolf spider
  4020 | D:13     | a wolf spider changed into a swamp worm
  4055 | D:13     | Reached skill level 5 in Earth Magic
  4078 | D:13     | Found a gate to the Vaults.
  4103 | D:13     | Banished a six-headed hydra
  4123 | D:13     | Noticed a skeletal warrior
  4125 | D:13     | Noticed a skeletal warrior
  4136 | D:13     | Noticed a skeletal warrior
  4137 | D:13     | Noticed a skeletal warrior
  4140 | D:13     | Killed a skeletal warrior
  4145 | D:13     | Killed a skeletal warrior
  4149 | D:13     | Noticed a seven-headed hydra
  4165 | D:13     | Killed a skeletal warrior
  4240 | D:12     | Killed a skeletal warrior
  4417 | D:15     | Entered Level 15 of the Dungeon
  4464 | D:14     | Gained mutation: You are covered in thick fur. (AC +2) [evolution]
  4494 | D:14     | Noticed a tengu warrior
  4507 | D:14     | Reached XP level 12. HP: 62/104 MP: 12/17
  4610 | D:12     | Reached skill level 5 in Transmutations
  4642 | D:12     | Learned a level 1 spell: Apportation
  4644 | D:12     | Learned a level 1 spell: Animate Skeleton
  4661 | D:12     | Noticed a death knight
  4692 | D:12     | Killed a death knight
  4772 | D:12     | Learned a level 4 spell: Control Undead
  5144 | Orc:1    | Entered Level 1 of the Orcish Mines
  5175 | Orc:1    | Found Fughesac's Quality Used Wands.
  5190 | Orc:1    | Noticed Erica
  5209 | Orc:1    | Killed Erica
  5229 | Orc:1    | Bought a wand of heal wounds (0/9) for 408 gold pieces
  5256 | Orc:2    | Entered Level 2 of the Orcish Mines
  5418 | Orc:1    | tstbtto: !lg * de nrune=15 min=xl
  5419 | Orc:1    | beem: 681. elliptic the Sorcerer (L25 DECj of Jiyva), escaped with the Orb and 15 runes on 2010-08-30 16:31:15, with 17869119 points after 84244 turns and 11:16:51.
  5419 | Orc:1    | 4thArraOfDagon: hi
  5419 | Orc:1    | tstbtto: !lg * de nrune=15 min=xl -log
  5419 | Orc:1    | beem: 681. elliptic, XL25 DECj, T:84244: http://crawl.akrasiac.org/rawdata/elliptic/morgue-elliptic-20100830-163115.txt
  5419 | Orc:1    | tstbtto: hi
  5444 | Orc:1    | 4thArraOfDagon: actually
  5444 | Orc:1    | 4thArraOfDagon: i was thinking of beating top de score today
  5460 | Orc:1    | tstbtto: !lg * he nrune=15 min=xl -log
  5468 | Orc:1    | beem: 416. hyperbolic, XL24 HEIE, T:115381: http://crawl.develz.org/morgues/trunk/hyperbolic/morgue-hyperbolic-20100319-053433.txt
  5535 | Orc:2    | tstbtto: what's your plan?
  5543 | Orc:2    | Found Dateij's Armour Boutique.
  5602 | Orc:2    | Found Gumaem's Gadget Emporium.
  5614 | Orc:1    | Noticed zkyp's ghost (journeyman OgFi)
  5645 | Orc:2    | Noticed an orc high priest
  5678 | Orc:2    | Gained mutation: You are resistant to hostile enchantments. (MR+) [evolution]
  5711 | Orc:2    | Found Zoicly's Antique Weapon Emporium.
  5726 | Orc:2    | Gained mutation: You are clumsy. (Dex -2) [a neqoxec]
  5772 | Orc:2    | Killed an orc high priest
  5864 | Orc:2    | tstbtto: 4th: for DE, I mean
  5869 | Orc:2    | Noticed an orc warlord
  5872 | Orc:2    | Banished an orc warlord
  5963 | Orc:2    | Noticed an orc warlord
  5986 | Orc:2    | Reached XP level 13. HP: 110/110 MP: 18/18
  5988 | Orc:2    | Banished an orc warlord
  6236 | Orc:2    | Found Yrijig's Antique Armour Shoppe.
  6261 | Orc:2    | Found Ocafe's Weapon Boutique.
  6298 | Orc:2    | 4thArraOfDagon: defe i think
  6402 | Orc:2    | Found Neuhaxuo's Jewellery Emporium.
  6410 | Orc:2    | Found a staircase to the Elven Halls.
  6417 | Orc:2    | tstbtto: of chei?
  6459 | Orc:2    | Found Nisyod's General Store.
  6467 | Orc:2    | Bought a potion of brilliance for 64 gold pieces
  6467 | Orc:2    | Bought a potion of cancellation for 128 gold pieces
  6467 | Orc:2    | Bought a potion of berserk rage for 80 gold pieces
  6497 | Orc:2    | Bought a +2 hat for 240 gold pieces
  6544 | Elf:1    | Entered Level 1 of the Elven Halls
  6818 | Elf:3    | Entered Level 3 of the Elven Halls
  6838 | Elf:3    | Killed from afar by a deep elf knight

Vault maps used:
D:1:      lemuel_arrival_rhombus
D:2:      gammafunk_temple_overflow_elements, lemuel_blue_sif_altar,
          uniq_terence
D:3:      lemuel_crystal_altar
D:4:      nicolae_tso_besieged_by_evil, gup_sewer_entry_bowl
D:5:      serial_shops, nicolae_shop_stone, first_bread
D:6:      xom_butterflies, uniq_crazy_yiuf_cottage
D:7:      kennysheep_steamy, fedhas_altar_1, kennysheep_mini_moat,
          nicolae_overflow_crystal_walls, kennysheep_mini, the_bakery
D:8:      serial_shops, shop, nicolae_ossuary_entry_monument
D:9:      overflow_temple_1_default, lemuel_doored_altar,
          overflow_temple_1_default, minmay_lair_entry_lava,
          minmay_guarded_unrand_resistance
D:10:     mrwooster_statue_mirror
D:13:     david_vaults_4
D:14:     hangedman_abyss_or_decor_stagger, minmay_the_grid_4x2
D:15:     grunt_enter_depths_magical_seal, moated_statue, eino_tiny_chamber,
          uniq_rupert
Orc:1:    special_room, nicolae_for_you_no_charge, uniq_erica
Orc:2:    grunt_orc_gardens, grunt_orc_garden, grunt_orc_garden,
          grunt_orc_garden, grunt_orc_garden, serial_shops,
          nicolae_shop_competitors_out_of_business, shop, shop_fountains,
          nicolae_orc_rockfall, abandoned_shop
Elf:1:    minmay_elf_necromancy, grunt_ministairs_13, uniq_agnes, uniq_roxanne
Elf:2:    basic_altar, serial_shops, nicolae_shop_crystal, minivault_23
Elf:3:    minmay_elf_hall_curves, grunt_megastairs_1, uniq_asterion
Sewer:    sewer_kobolds
Ossuary:  ossuary_minmay_four_chambers

Skill      XL: |  1  2  3  4  5  6  7  8  9 10 11 12 13 |
---------------+----------------------------------------+-----
Dodging        | 2 |  2.3
Unarmed Combat | 3 4 5 6 7 9 10 12 | 12.0
Invocations    | 2 3 4 5 7 8 |  8.0
Shields        | 2 4 5 6 7 |  7.7
Earth Magic    | 2 6 8 9 |  9.0
Transmutations | 2 4 6 7 |  7.4
Spellcasting   | 1 2 3 4 |  4.2
Fighting       | |  2.4

Action                   |  1- 3 |  4- 6 |  7- 9 | 10-12 | 13-15 || total
-------------------------+-------+-------+-------+-------+-------++-------
Melee: Unarmed           |    79 |   124 |   291 |   711 |   186 ||  1391
       Punch             |       |     1 |     1 |       |       ||     2
Throw: Large rock        |       |       |       |     6 |     4 ||    10
Invok: Depart the Abyss  |     1 |       |       |       |       ||     1
       Bend Space        |       |       |       |     2 |       ||     2
       Corrupt           |       |       |       |     1 |       ||     1
       Banish            |       |       |       |    15 |     1 ||    16
Evoke: Wand              |       |       |       |    11 |     1 ||    12
  Use: Scroll            |       |     4 |     9 |     7 |     3 ||    23
       Potion            |       |       |       |     1 |       ||     1
 Stab: Sleeping          |       |     1 |       |     1 |       ||     2
  Eat: Fruit             |     4 |       |       |     2 |       ||     6
       Chunk             |     5 |     5 |    19 |    42 |     8 ||    79
       Pizza             |       |       |       |     1 |       ||     1
Armor: Robe              |    28 |    45 |    72 |   126 |    18 ||   289
Dodge: Dodged            |    46 |    50 |    76 |   123 |    22 ||   317
Block: Shield            |       |       |   106 |   382 |    86 ||   574
